 Dungeon Sprint DCSS version 0.22-a0-480-g991dd4b2b4 (webtiles) character file.

50834 Fallony the Timeless (level 14, -4/121 HPs)
             Began as a Demonspawn Fighter on June 15, 2018.
             Was a High Priest of Cheibriados.
             Killed from afar by a fire dragon (38 damage)
             ... with a blast of flame
             ... in the Dungeon (Sprint IX: "|||||||||||||||||||||||||||||").
             The game lasted 00:08:43 (4093 turns).

Fallony the Timeless (Demonspawn Fighter)           Turns: 4093, Time: 00:08:45

Health: -4/121     AC: 30    Str: 39    XL:     14   Next: 21%
Magic:  12/31      EV: 15    Int: 19    God:    Cheibriados [*****.]
Gold:   594        SH: 17    Dex: 34    Spells: 13/13 levels left

rFire    . . .     SeeInvis +   o - +2 morningstar (protect)
rCold    . . .     Gourm    .   c - +0 shield
rNeg     . . .     Faith    .   y - +0 plate armour {rPois}
rPois    +         Spirit   .   (helmet unavailable)
rElec    .         Reflect  .   G - +1 cloak
rCorr    .         Harm     .   w - +0 pair of gloves
MR       +....     NoTele   +   F - +0 pair of boots of the Sacrificial Victim {Int-3 Dex+7 SInv} (curse)
Stlth    ..........             (no amulet)
HPRegen  0.30/turn              D - ring of poison resistance
MPRegen  0.22/turn              t - +2 ring of protection

@: mighty, protection aura, very slow
A: horns 3, powered by pain 2, spiny 3, sturdy frame 2
a: Bend Time, Temporal Distortion, Slouch, Step From Time, Renounce Religion


You were in the Dungeon.
You worshipped Cheibriados.
Cheibriados was extremely pleased with you.
You were very hungry.

You visited 1 branch You collected 1920 gold pieces.
You spent 1326 gold pieces at shops.

Inventory:

Hand Weapons
 o - a +2 morningstar of protection (weapon)
Armour
 c - a +0 shield (worn)
 n - a scarf of repulsion
 v - a +1 hat of intelligence
 w - a +0 pair of gloves (worn)
 y - a +0 plate armour of poison resistance (worn)
 F - the cursed +0 pair of boots of the Sacrificial Victim (worn) {Int-3 Dex+7 SInv}
   (You found it in the Dungeon)

   It affects your intelligence (-3).
   It affects your dexterity (+7).
   It lets you see invisible.
   It has a curse placed upon it.
 G - a +1 cloak (worn)
Jewellery
 t - a +2 ring of protection (right hand)
 D - a ring of poison resistance (left hand)
Wands
 B - a wand of digging (15)
Scrolls
 a - 2 scrolls of identify
 k - 6 scrolls of blinking
 l - 4 scrolls of remove curse
 m - 2 scrolls of amnesia
 p - 5 scrolls of enchant weapon
 u - 2 scrolls of fear
Potions
 b - 3 potions of agility
 d - a potion of might
 e - 7 potions of curing
 g - 6 potions of heal wounds
 h - 4 potions of haste
 i - 4 potions of magic
 j - a potion of invisibility
 q - a potion of flight {unknown}
 z - 3 potions of mutation
Comestibles
 f - 22 rations


   Skills:
 + Level 14.8 Fighting
 + Level 18.0 Maces & Flails
 + Level 13.4 Armour
 + Level 5.6 Dodging
 + Level 12.9 Shields
 O Level 27 Invocations


You had 13 spell levels left.
You didn't know any spells.
Your spell library contained the following spells:

 Spells                   Type           Power        Failure   Level  Hunger
 Summon Small Mammal      Summ           #...         52%         1    ##.....
 Summon Ice Beast         Ice/Summ       #.......     99%         4    #####..
 Call Imp                 Summ           #.......     67%         2    ###....
 Call Canine Familiar     Summ           #.......     88%         3    ####...
 Summon Lightning Spire   Summ/Air       #.......     99%         4    #####..
 Summon Guardian Golem    Hex/Summ       #.......     88%         3    ####...


Dungeon Overview and Level Annotations

Branches:
Dungeon (1/1)

Altars:
Cheibriados
Dithmenos
Elyvilon
Fedhas
Gozag
Hepliaklqana
Kikubaaqudgha
Makhleb
Nemelex Xobeh
Okawaru
Qazlal
Ru
Sif Muna
Trog
Uskayaw
Vehumet
Wu Jian
Xom
Yredelemnul
Zin
The Shining One
Beogh
Jiyva
Lugonu

Shops:
D [!*


Innate Abilities, Weirdness & Mutations

You have a pair of large horns on your head.
You sometimes gain power by taking damage.
You are completely covered in sharp spines.
Your movements are less encumbered by armour. (ER -4)


Message History

Unknown command.
You barely miss the ice dragon. You headbutt the ice dragon.
The ice dragon is almost dead.
The ice dragon breathes frost at you. The blast of cold hits you!
* * * LOW HITPOINT WARNING * * *
You focus on the pain.
You feel mightier all of a sudden.
You puncture the ice dragon!
Your weapon exudes an aura of protection.
You headbutt the ice dragon.
The ice dragon is almost dead.
You block the ice dragon's attack. x2; The ice dragon barely misses you.
You bludgeon the ice dragon!!
You kill the ice dragon!
Cheibriados appreciates the change of pace.
The ice dragon scales are intact enough to wear.
The fire dragon breathes flames at you. The blast of flame hits you!
You die...

.=...)))))))).[.=.[[.[..........'
▓▓▓▓▓▓▓▓▓▓▓▓▓▓▓▓▓▓▓▓▓▓▓▓▓▓▓▓▓▓▓▓▓
............)....................
▓▓▓▓▓♣♣♣♣♣♣♣♣♣♣▓▓▓▓▓▓▓▓▓▓▓▓▓▓▓▓▓▓
.....'÷÷...)...'.))..)...†.††.†..
▓▓▓▓▓♣♣♣♣♣♣♣♣♣♣▓▓▓▓▓▓▓▓▓▓▓▓▓▓▓▓▓▓
...............).................
▓▓▓▓▓▓▓▓▓▓▓▓▓▓▓▓▓▓▓▓▓▓▓▓▓▓▓▓▓▓▓▓▓
.......)([.([[..@[DC.....
▓▓▓▓▓▓▓▓▓▓▓▓▓▓▓▓▓▓▓▓▓▓▓▓▓


You could see a fire dragon and a stone giant.

Vanquished Creatures
  Gastronok (D)
  Agnes (D)
  An emperor scorpion (D)
  A very ugly thing (D)
  4 stone giants (D)
  Azrael (D)
  An ettin (D)
  2 fire dragons (D)
  Snorg (D)
  A merfolk impaler (D)
  Josephine (D)
  2 great orbs of eyes (D)
  An ice dragon (D)
  A hydra (D)
  2 centaur warriors (D)
  A merfolk avatar (D)
  An ogre mage (D)
  An anaconda (D)
  2 spriggan air magi (D)
  A deep troll earth mage (D)
  2 two-headed ogres (D)
  2 alligators (D)
  A deep troll shaman (D)
  2 tengu warriors (D)
  A vampire mage (D)
  Urug (D)
  A naga sharpshooter (D)
  5 orc high priests (D)
  A spriggan druid (D)
  A sea snake (D)
  A swamp dragon (shapeshifter) (D)
  3 orc knights (D)
  A deep elf mage (D)
  2 manticores (D)
  2 wolf spiders (D)
  A guardian serpent (D)
  6 black mambas (D)
  A naga mage (D)
  Psyche (D)
  4 spiny frogs (D)
  A spiny frog (shapeshifter) (D)
  A yaktaur (D)
  2 komodo dragons (D)
  A demonic crawler (D)
  2 jumping spiders (D)
  2 merfolk (D)
  3 tyrant leeches (D)
  A blink frog (D)
  A slime creature (D)
  2 snapping turtles (D)
  A hippogriff (D)
  A redback (D)
  4 yaks (D)
  5 wraiths (D)
  2 tarantellas (D)
  A hungry ghost (D)
  Grum (D)
  4 fire elementals (D)
  2 vampire mosquitoes (D)
  An insubstantial wisp (D)
  A hell hound (D)
  3 water moccasins (D)
  2 porcupines (D)
  A sky beast (D)
  An ice beast (D)
  13 orc warriors (D)
  2 wolves (D)
  A centaur (D)
  2 crocodiles (D)
  6 bullfrogs (D)
  A killer bee (D)
  5 crimson imps (D)
  A quasit (D)
  A hound (D)
  9 orc priests (D)
  An orc wizard (D)
  A gnoll (D)
  2 adder skeletons (D)
  An adder zombie (D)
  A worm (D)
  A dart slug (D)
  8 orcs (D)
  2 giant cockroaches (D)
  2 frilled lizards (D)
172 creatures vanquished.

Vanquished Creatures (others)
  An anaconda (D)
1 creature vanquished.

Grand Total: 173 creatures vanquished

Notes
Turn   | Place    | Note
-------+----------+-------------------------------------------
     0 | D        | Fallony the Demonspawn Fighter began the quest for the Orb.
     0 | D        | Reached XP level 1. HP: 18/18 MP: 1/1
    11 | D        | Gained mutation: You have a pair of small horns on your head. [demonic ancestry]
    11 | D        | Reached XP level 2. HP: 6/24 MP: 2/2
   234 | D        | Noticed a crimson imp
   234 | D        | Noticed a crimson imp
   244 | D        | Gained mutation: You have a pair of horns on your head. [demonic ancestry]
   244 | D        | Reached XP level 3. HP: 29/29 MP: 3/3
   250 | D        | Gained mutation: Your movements are slightly less encumbered by armour. (ER -2) [demonic ancestry]
   250 | D        | Reached XP level 4. HP: 35/35 MP: 4/4
   302 | D        | Found a roughly hewn altar of Beogh.
   302 | D        | Found a snail-covered altar of Cheibriados.
   302 | D        | Found a shadowy altar of Dithmenos.
   302 | D        | Found a white marble altar of Elyvilon.
   302 | D        | Found a blossoming altar of Fedhas.
   302 | D        | Found an opulent altar of Gozag.
   303 | D        | Found a hazy altar of Hepliaklqana.
   304 | D        | Found a viscous altar of Jiyva.
   305 | D        | Found an ancient bone altar of Kikubaaqudgha.
   306 | D        | Became a worshipper of Cheibriados the Contemplative
   307 | D        | Found a corrupted altar of Lugonu.
   308 | D        | Found a burning altar of Makhleb.
   309 | D        | Found a sparkling altar of Nemelex Xobeh.
   310 | D        | Found an iron altar of Okawaru.
   311 | D        | Found a stormy altar of Qazlal.
   312 | D        | Found a sacrificial altar of Ru.
   313 | D        | Found a deep blue altar of Sif Muna.
   314 | D        | Found a bloodstained altar of Trog.
   315 | D        | Found a hide-covered altar of Uskayaw.
   316 | D        | Found a radiant altar of Vehumet.
   317 | D        | Found an ornate altar of the Wu Jian Council.
   318 | D        | Found a shimmering altar of Xom.
   319 | D        | Found a basalt altar of Yredelemnul.
   320 | D        | Found a glowing silver altar of Zin.
   321 | D        | Found a glowing golden altar of the Shining One.
   370 | D        | Noticed a two-headed ogre
   370 | D        | Noticed an ice beast
   370 | D        | Noticed a bullfrog
   374 | D        | Killed a two-headed ogre
   374 | D        | Reached skill level 10 in Maces & Flails
   374 | D        | Reached skill level 5 in Shields
   374 | D        | Reached skill level 7 in Invocations
   374 | D        | Reached XP level 5. HP: 14/47 MP: 4/10
   374 | D        | Gained mutation: Your movements are less encumbered by armour. (ER -4) [demonic ancestry]
   374 | D        | Reached XP level 6. HP: 16/53 MP: 4/11
   374 | D        | Gained mutation: You sometimes gain a little power by taking damage. [demonic ancestry]
   374 | D        | Reached XP level 7. HP: 17/59 MP: 4/12
   376 | D        | Reached * piety under Cheibriados
   381 | D        | Reached ** piety under Cheibriados
   390 | D        | Reached skill level 8 in Invocations
   401 | D        | Noticed a hungry ghost
   401 | D        | Noticed a yak
   401 | D        | Noticed a yak
   409 | D        | Killed a hungry ghost
   409 | D        | Reached skill level 1 in Dodging
   409 | D        | Reached XP level 8. HP: 54/67 MP: 9/14
   410 | D        | Reached *** piety under Cheibriados
   417 | D        | Reached **** piety under Cheibriados
   418 | D        | Reached skill level 9 in Invocations
   539 | D        | Noticed a komodo dragon
   539 | D        | Noticed a komodo dragon
   546 | D        | Reached ***** piety under Cheibriados
   548 | D        | Noticed a spiny frog
   550 | D        | Killed a komodo dragon
   550 | D        | Reached skill level 10 in Invocations
   550 | D        | Gained mutation: You are partially covered in sharp spines. [demonic ancestry]
   550 | D        | Reached XP level 9. HP: 63/75 MP: 16/16
   558 | D        | Killed a komodo dragon
   564 | D        | Killed a spiny frog
   564 | D        | Reached skill level 11 in Invocations
   567 | D        | Reached ****** piety under Cheibriados
   778 | D        | Noticed a black mamba
   778 | D        | Noticed a black mamba
   780 | D        | Killed a black mamba
   780 | D        | Killed a black mamba
   780 | D        | Noticed a spiny frog
   783 | D        | Reached skill level 12 in Invocations
   783 | D        | Reached XP level 10. HP: 79/83 MP: 12/19
   789 | D        | Killed a spiny frog
   846 | D        | Noticed a spiny frog
   848 | D        | Reached skill level 10 in Fighting
   858 | D        | Killed a spiny frog
   858 | D        | Reached skill level 13 in Invocations
  1106 | D        | Noticed Gastronok
  1121 | D        | Killed Gastronok
  1121 | D        | Reached skill level 15 in Maces & Flails
  1135 | D        | Noticed Urug
  1148 | D        | Killed Urug
  1148 | D        | Reached skill level 14 in Invocations
  1148 | D        | Gained mutation: You are mostly covered in sharp spines. [demonic ancestry]
  1148 | D        | Reached XP level 11. HP: 55/92 MP: 21/21
  1435 | D        | Noticed an orc knight
  1438 | D        | Reached skill level 5 in Dodging
  1442 | D        | Killed an orc knight
  1591 | D        | Noticed an orc knight
  1596 | D        | Noticed an orc knight
  1606 | D        | Killed an orc knight
  1608 | D        | Killed an orc knight
  1608 | D        | Reached skill level 15 in Invocations
  1744 | D        | Found Qyurreimu's Antique Armour Emporium.
  1744 | D        | Noticed an orc high priest
  1744 | D        | Noticed an orc high priest
  1746 | D        | Noticed a sun demon
  1747 | D        | Found Maeceigho's Food Shoppe.
  1747 | D        | Noticed an orc high priest
  1748 | D        | Killed an orc high priest
  1750 | D        | Killed an orc high priest
  1752 | D        | Reached skill level 16 in Invocations
  1753 | D        | Found Opix's Distillery.
  1753 | D        | Noticed an orc high priest
  1756 | D        | Noticed an orc high priest
  1757 | D        | Killed an orc high priest
  1760 | D        | Killed an orc high priest
  1766 | D        | Killed an orc high priest
  1766 | D        | Reached skill level 17 in Invocations
  1768 | D        | Found Jiskugoh's Assorted Antiques.
  2053 | D        | Bought a glowing scarf for 200 gold pieces
  2053 | D        | Bought a scroll of enchant weapon for 187 gold pieces
  2055 | D        | Bought a potion of curing for 42 gold pieces
  2055 | D        | Bought a potion of mutation for 112 gold pieces
  2055 | D        | Bought a potion of heal wounds for 70 gold pieces
  2061 | D        | Bought a ration for 65 gold pieces
  2061 | D        | Bought a ration for 65 gold pieces
  2061 | D        | Bought a ration for 65 gold pieces
  2061 | D        | Bought a ration for 65 gold pieces
  2061 | D        | Bought a ration for 65 gold pieces
  2061 | D        | Bought a ration for 65 gold pieces
  2061 | D        | Bought a ration for 65 gold pieces
  2061 | D        | Bought a ration for 65 gold pieces
  2061 | D        | Bought a ration for 65 gold pieces
  2061 | D        | Bought a ration for 65 gold pieces
  2061 | D        | Bought a ration for 65 gold pieces
  2094 | D        | Noticed Josephine
  2101 | D        | Killed Josephine
  2106 | D        | Reached skill level 18 in Invocations
  2129 | D        | Noticed Psyche
  2133 | D        | Killed Psyche
  2133 | D        | Gained mutation: You are completely covered in sharp spines. [demonic ancestry]
  2133 | D        | Reached XP level 12. HP: 102/102 MP: 19/25
  2231 | D        | Got the cursed +0 pair of boots of the Sacrificial Victim {Int-3 Dex+7 SInv}
  2329 | D        | Noticed a centaur warrior
  2334 | D        | Reached skill level 10 in Armour
  2334 | D        | Killed a centaur warrior
  2335 | D        | Noticed a two-headed ogre
  2335 | D        | Noticed a stone giant
  2336 | D        | Noticed an ogre mage
  2337 | D        | Noticed an ettin
  2337 | D        | Noticed a deep troll earth mage
  2339 | D        | Killed a two-headed ogre
  2339 | D        | Reached skill level 19 in Invocations
  2340 | D        | Noticed a centaur warrior
  2341 | D        | Noticed a tengu warrior
  2343 | D        | Noticed a deep troll shaman
  2344 | D        | Killed a stone giant
  2351 | D        | Killed an ogre mage
  2351 | D        | Reached skill level 20 in Invocations
  2353 | D        | Killed an ettin
  2353 | D        | Reached skill level 10 in Shields
  2354 | D        | Killed a centaur warrior
  2355 | D        | Killed a deep troll earth mage
  2355 | D        | Reached skill level 21 in Invocations
  2357 | D        | Killed a tengu warrior
  2357 | D        | Killed a deep troll shaman
  2672 | D        | Noticed Azrael
  2679 | D        | Killed Azrael
  2679 | D        | Reached skill level 22 in Invocations
  2773 | D        | Noticed Grum
  2779 | D        | Killed Grum
  2820 | D        | Noticed an alligator
  2821 | D        | Noticed an alligator
  2824 | D        | Killed an alligator
  2826 | D        | Noticed an eight-headed hydra
  2827 | D        | Killed an alligator
  2827 | D        | Reached skill level 23 in Invocations
  2830 | D        | Gained mutation: You have a pair of large horns on your head. [demonic ancestry]
  2830 | D        | Reached XP level 13. HP: 28/109 MP: 3/28
  3124 | D        | Noticed a merfolk impaler
  3130 | D        | Killed a merfolk impaler
  3130 | D        | Reached skill level 24 in Invocations
  3409 | D        | Noticed an emperor scorpion
  3411 | D        | Reached skill level 25 in Invocations
  3419 | D        | Killed an emperor scorpion
  3487 | D        | Reached skill level 26 in Invocations
  3582 | D        | Noticed Snorg
  3588 | D        | Killed Snorg
  3627 | D        | Noticed Agnes
  3638 | D        | Killed Agnes
  3638 | D        | Reached skill level 27 in Invocations
  3682 | D        | Noticed a fire dragon
  3682 | D        | Noticed a fire dragon
  3683 | D        | Noticed a red very ugly thing
  3689 | D        | Noticed a stone giant
  3690 | D        | Killed a fire dragon
  3691 | D        | Killed a red very ugly thing
  3694 | D        | Killed a fire dragon
  3699 | D        | Killed a stone giant
  3699 | D        | Gained mutation: You sometimes gain power by taking damage. [demonic ancestry]
  3699 | D        | Reached XP level 14. HP: 83/120 MP: 13/31
  3701 | D        | Noticed a stone giant
  3706 | D        | Noticed a stone giant
  3710 | D        | Killed a stone giant
  3724 | D        | Killed a stone giant
  4084 | D        | Noticed a stone giant
  4093 | D        | Killed from afar by a fire dragon

Vault maps used:
D:        linesprint

Skill      XL: |  1  2  3  4  5  6  7  8  9 10 11 12 13 14 |
---------------+-------------------------------------------+-----
Maces & Flails | 4 6 7 10 11 12 13 15 16 17 18 | 18.0
Fighting       | 6 7 8 9 10 12 14 | 14.8
Armour         | 6 7 8 9 11 12 13 | 13.4
Shields        | 5 6 7 8 9 10 12 | 12.9
Invocations    | 7 8 10 12 14 18 23 27 | 27.0
Dodging        | 1 2 3 4 5 |  5.6

Action                   |  1- 3 |  4- 6 |  7- 9 | 10-12 | 13-15 || total
-------------------------+-------+-------+-------+-------+-------++-------
Melee: Flail             |    29 |     1 |       |       |       ||    30
       Headbutt          |     2 |       |    18 |    48 |    38 ||   106
       Morningstar       |       |     3 |    58 |   139 |    81 ||   281
Invok: Slouch            |       |       |     1 |    24 |    20 ||    45
Evoke: Wand              |       |       |       |    10 |       ||    10
  Use: Potion            |     1 |     1 |     1 |     1 |       ||     4
  Eat: Chunk             |       |       |     2 |     5 |     5 ||    12
Armor: Scale mail        |     6 |     3 |    19 |     4 |       ||    32
       Plate armour      |       |       |       |    16 |    40 ||    56
Dodge: Dodged            |     8 |       |    12 |    35 |    28 ||    83
Block: Shield            |     7 |       |    30 |    79 |    62 ||   178

Table legend:
 A = Spawn XP
 B = Non-spawn XP
 C = Spawn XP percentage of total XP
 D = Spawn monster count
 E = Non-spawn monster count
 F = Spawn count percentage of total count
 G = Total turns spent on level
                    A         B        C        D         E        F      G
               +---------+---------+-------+---------+---------+-------+---------
         Total |       0 |   72621 |   0.0 |       0 |     173 |   0.0 |  4093
               +---------+---------+-------+---------+---------+-------+---------
             D |       0 |   72621 |   0.0 |       0 |     173 |   0.0 |  4093
               +---------+---------+-------+---------+---------+-------+---------
